AoeStats
← Le Marquis

Lombardia

507846177Analyzed
4v4 RM · 11d ago on Sep 19, 2026· 64m 42s· 8 players
Game mode
Random Map
Map size
Large (8 player)
Population
200
Speed
Normal
Resources
Standard
Victory
Conquest
Starting age
Dark Age
Ending age
Imperial Age
RankedLock teamsTeams togetherTeam positionsShared explorationLock speedFull tech treeHidden civsTurbo modeCheats
Victory
Defeat
🇬🇧 Japanese · United Kingdom
1101
+18
🇧🇷 Berbers · Brazil
1100
+18
🇺🇸 Franks · United States
1096
+18
🇺🇸 Spanish · United States
1089
+19
🇫🇷 Jurchens · France
1218
-20
🇫🇷 Magyars · France
1196
-20
🇫🇷 Romans · France
1127
-18
🇫🇷 Cumans · France
1060
-15
HectorSquash24
11:38 Feudal Age
12:31 Horse Collar
12:37 Double-Bit Axe
15:55 Loom
16:32 Bloodlines
24:50 Castle Age
28:21 Bow Saw
28:43 Pikeman
32:58 Forging
32:48 Scale Mail Armor
35:22 Squires
36:13 Iron Casting
36:47 Wheelbarrow
36:41 Caravan
39:32 Hand Cart
40:22 Heavy Plow
43:56 Imperial Age
42:25 Chain Mail Armor
42:16 Scale Barding Armor
44:06 Gambesons
45:11 Guilds
44:59 Town Watch
45:40 Conscription
44:42 Halberdier
46:33 Chemistry
47:29 Blast Furnace
47:00 Plate Mail Armor
47:08 Elite Conquistador
49:38 Town Patrol
50:24 Ballistics
54:08 Bombard Tower
55:44 Masonry
64:17 Architecture
۞_KDZ_۞
11:42 Feudal Age
11:46 Feudal Age
11:50 Feudal Age
10:06 Loom
11:52 Feudal Age
14:27 Double-Bit Axe
16:51 Castle Age
15:00 Horse Collar
17:36 Fletching
18:10 Bow Saw
19:33 Wheelbarrow
19:48 Heavy Plow
20:04 Padded Archer Armor
22:05 Bodkin Arrow
24:50 Gold Mining
28:49 Gold Shaft Mining
28:22 Kasbah
28:23 Pikeman
29:04 Squires
29:38 Caravan
31:04 Scale Mail Armor
35:46 Hand Cart
39:18 Imperial Age
38:49 Chain Mail Armor
38:44 Forging
38:41 Husbandry
38:51 Bloodlines
40:11 Leather Archer Armor
40:05 Bracer
40:43 Ballistics
41:24 Chemistry
40:29 Siege Engineers
39:47 Capped Ram
39:52 Heavy Camel Rider
41:41 Conscription
41:21 Elite Camel Archer
42:50 Ring Archer Armor
42:51 Plate Mail Armor
42:51 Scale Barding Armor
43:21 Iron Casting
44:16 Maghrebi Camels
45:51 Town Watch
46:48 Chain Barding Armor
47:12 Masonry
46:42 Treadmill Crane
47:12 Fortified Wall
49:20 Guilds
50:51 Blast Furnace
50:26 Plate Barding Armor
51:56 Crop Rotation
53:49 Guard Tower
Dailyfixit
10:28 Feudal Age
8:45 Loom
11:22 Double-Bit Axe
20:36 Scale Barding Armor
20:42 Forging
24:03 Castle Age
25:16 Chain Barding Armor
34:36 Iron Casting
40:35 Imperial Age
38:44 Wheelbarrow
43:00 Plate Barding Armor
41:49 Cavalier
43:35 Blast Furnace
46:30 Paladin
Pintley
4:41 Loom
5:05 Loom
11:58 Feudal Age
13:33 Horse Collar
14:27 Double-Bit Axe
19:47 Forging
21:52 Wheelbarrow
24:25 Castle Age
23:00 Stone Mining
23:14 Gold Mining
22:49 Man-at-Arms
23:16 Arson
24:04 Scale Mail Armor
25:06 Gambesons
25:37 Light Cavalry
26:07 Long Swordsman
27:42 Bow Saw
27:22 Pikeman
30:22 Chain Mail Armor
30:04 Fletching
39:13 Scale Barding Armor
39:38 Hand Cart
43:08 Town Watch
43:31 Heavy Plow
44:24 Chain Barding Armor
45:49 Gold Shaft Mining
46:35 Iron Casting
50:16 Imperial Age
50:44 Masonry
50:25 Halberdier
51:37 Plate Mail Armor
51:19 Guard Tower
52:31 Chemistry
51:55 Conscription
53:11 Blast Furnace
52:09 Bodkin Arrow
52:35 Ballistics
52:43 Squires
53:24 Yasama
56:34 Keep
55:45 Arrowslits
56:10 Fortified Wall
56:06 Siege Engineers
59:18 Two-Man Saw
59:09 Bracer
58:57 Elite Samurai
59:58 Kataparuto
60:14 Hoardings
61:15 Caravan
61:47 Coinage
Prince_Ali
8:22 Loom
11:28 Feudal Age
13:16 Double-Bit Axe
13:11 Horse Collar
19:10 Wheelbarrow
22:09 Castle Age
22:19 Pikeman
24:55 Scale Mail Armor
34:15 Bloodlines
34:11 Scale Barding Armor
34:18 Steppe Husbandry
38:07 Imperial Age
36:02 Chain Barding Armor
35:54 Forging
36:52 Capped Ram
38:10 Squires
39:43 Plate Barding Armor
42:19 Iron Casting
43:33 Elite Steppe Lancer
45:39 Siege Ram
47:22 Onager
48:39 Hand Cart
49:25 Blast Furnace
48:49 Conscription
48:45 Elite Skirmisher
49:39 Thumb Ring
49:31 Fletching
50:45 Chemistry
50:09 Ballistics
50:49 Chemistry
50:11 Bow Saw
50:02 Heavy Plow
51:10 Murder Holes
51:27 Masonry
51:15 Bodkin Arrow
51:22 Padded Archer Armor
51:57 Parthian Tactics
51:46 Gold Mining
52:58 Two-Man Saw
52:33 Crop Rotation
54:56 Caravan
55:25 Leather Archer Armor
58:33 Heavy Cavalry Archer
60:13 Halberdier
60:55 Squires
61:30 Chain Mail Armor
Heseldar
7:20 Loom
9:45 Feudal Age
20:22 Castle Age
19:40 Double-Bit Axe
19:37 Horse Collar
19:49 Gold Mining
21:03 Bloodlines
26:29 Wheelbarrow
27:02 Heavy Plow
27:45 Bow Saw
28:01 Scale Barding Armor
29:53 Husbandry
30:54 Chain Barding Armor
32:06 Hand Cart
36:15 Stone Mining
39:03 Imperial Age
37:55 Fletching
40:15 Cavalier
41:34 Plate Barding Armor
42:18 Paladin
48:11 Caravan
52:35 Elite Skirmisher
55:28 Padded Archer Armor
55:26 Bodkin Arrow
55:11 Light Cavalry
58:08 Ballistics
58:49 Chemistry
58:20 Leather Archer Armor
59:15 Bracer
Le Marquis
11:32 Feudal Age
9:47 Loom
19:28 Castle Age
17:23 Double-Bit Axe
19:18 Scale Mail Armor
19:05 Horse Collar
22:52 Elite Skirmisher
25:20 Fletching
25:31 Padded Archer Armor
27:15 Leather Archer Armor
27:32 Squires
27:39 Gold Mining
29:24 Wheelbarrow
30:13 Gold Shaft Mining
30:21 Ballistas
33:53 Hand Cart
35:16 Bodkin Arrow
35:41 Chain Mail Armor
35:37 Forging
40:08 Imperial Age
37:56 Bow Saw
37:49 Heavy Plow
43:50 Pikeman
44:13 Heavy Scorpion
44:41 Halberdier
49:33 Iron Casting
49:29 Ring Archer Armor
52:21 Man-at-Arms
Ashur
5:41 Loom
9:24 Feudal Age
10:02 Double-Bit Axe
21:42 Castle Age
20:19 Bloodlines
20:33 Scale Barding Armor
20:40 Forging
20:21 Horse Collar
21:25 Gold Mining
22:37 Bow Saw
22:33 Heavy Plow
22:38 Husbandry
27:43 Wheelbarrow
27:04 Town Watch
28:25 Gold Mining
30:27 Gold Shaft Mining
30:22 Chain Barding Armor
30:40 Iron Casting
31:35 Hand Cart
38:04 Imperial Age
35:50 Fletching
38:10 Elite Steppe Lancer
39:30 Plate Barding Armor
41:52 Blast Furnace
44:40 Ballistics
44:27 Siege Engineers
45:16 Crop Rotation
45:50 Two-Man Saw
45:48 Bodkin Arrow
46:43 Conscription
47:02 Hoardings
46:58 Bracer
46:43 Treadmill Crane
47:13 Masonry
49:15 Architecture
50:32 Murder Holes
50:43 Caravan
52:38 Chemistry
53:32 Guard Tower
53:46 Town Patrol
56:57 Arson
57:13 Squires
56:34 Elite Fire Lancer
57:17 Scale Mail Armor
57:53 Fortified Bastions
58:50 Pikeman
Connection lost

Rejoining the realm…

Still unreachable

The connection could not be restored.

Session expired

The server has moved on; the page needs a fresh start.